 Dungeon Crawl Stone Soup version 0.14.1-24-gbdbe590 (webtiles) character file.

121 Kenran the Ruffian (level 4, 0/39 HPs)
             Began as a Minotaur Monk on June 19, 2014.
             Slain by a green rat (6 damage)
             ... on Level 2 of the Dungeon.
             The game lasted 00:03:52 (1093 turns).

Kenran the Ruffian (Minotaur Monk)                  Turns: 1093, Time: 00:03:52

HP   0/39        AC  4     Str 15      XL: 4   Next: 11%
MP   2/2         EV 13     Int  7      God:
Gold 46          SH  0     Dex 14      Spells:  0 memorised,  3 levels left

rFire  . . .     SeeInvis .       - Unarmed
rCold  . . .     Clarity  .     a - +1 robe
rNeg   . . .     Conserve .     (no shield)
rPois  .         rCorr    .     (helmet restricted)
rElec  .         rRot     .     (no cloak)
SustAb . .       Spirit   .     (no gloves)
rMut   .         Warding  .     c - +0 pair of boots
Saprov . . .     Stasis   .     (no amulet)
MR     .....                    (no ring)
                                (no ring)

@: not resistant to hostile enchantments, fairly stealthy
A: retaliatory headbutt, horns 2
a: no special abilities


You were on level 2 of the Dungeon.
You were hungry.

You visited 1 branch of the dungeon, and saw 2 of its levels.

You collected 46 gold pieces.

Inventory:

Armour
 a - a +1 robe (worn)
 c - a +0 pair of boots (worn)
Comestibles
 b - 2 bread rations
 g - a meat ration
 m - a choko
Scrolls
 j - a scroll of recharging {unknown}
 l - a scroll of identify
 o - a scroll of remove curse {unknown}
 p - a scroll of fear {unknown}
Jewellery
 k - an uncursed ring of wizardry {unknown}
Potions
 d - 2 potions of heal wounds {unknown}
 e - a potion of brilliance {unknown}
 f - a potion of restore abilities {unknown}
 h - a potion of haste {unknown}
 i - 2 potions of curing {unknown}
 n - a potion of resistance {unknown}


   Skills:
 - Level 3.6 Fighting
 - Level 3.2 Dodging
 - Level 1.5 Stealth
 + Level 6.2 Unarmed Combat


You had 3 spell levels left.
You didn't know any spells.

Dungeon Overview and Level Annotations

Branches:
Dungeon (2/15)

Altars:
Sif Muna
The Shining One


Innate Abilities, Weirdness & Mutations

You reflexively headbutt those who attack you in melee.
You have a pair of horns on your head.


Message History

You feel sick.
You see here a scroll labeled TRIHEGI QIECA.
p - a scroll labeled TRIHEGI QIECA You feel sick.
The jackal barks!
You feel sick.
You are no longer poisoned.
You hit the jackal. You headbutt the jackal.
You kill the jackal!
Found a scroll labeled PNUWEI BLONESS.
Found a stone staircase leading up.
You hit the green rat but do no damage. The green rat bites you!
* * * LOW HITPOINT WARNING * * *
You hit the green rat. Your headbutt misses the green rat.
The green rat is lightly wounded.
The jackal bites you but does no damage.
The green rat misses you. You furiously retaliate!
You headbutt the green rat! You hit the green rat.
The green rat is almost dead.
The jackal barely misses you. The green rat bites you.
You die...

#..... #..... ...
#+###.... #. #...#
........ ..#. ##....<#
#### #.#....#
...#.##......#. #...#
#..PP..####.....P♣.....P
.....
♣♣..♣♣.#.[♣P#.♣♣..♣...♣.
...
≈♣.)).♣♣♣..♣♣♣.h♣PP...♣..
♣§.♣#.
♣PP..P....♣..♣PP@.♣....♣
§§PP.#.
..♣§♣♣♣.♣♣P♣.♣.r♣P♣..♣?♣
♣♣§♣..#)
♣..(.♣.♣P8.P.♣♣.P♣♣♣.♣.
♣.....#.
♣..P.PP......♣.PPP..♣♣
♣....#.
....♣♣.8.⌠.8...♣P.♣P...
♣.♣♣.#.#.
♣..♣P.........P..♣..♣♣.
♣.♣.....
♣P.♣.♣...8P.P♣♣..♣.♣.♣.
#♣.P.♣%.
.♣..P.♣♣♣P.♣♣♣P§♣.....
##♣.....
♣PP..♣.P..♣..♣...§♣..#
+#P....


You could see a green rat and a jackal.

Vanquished Creatures
  An adder (D:2)
  2 green rats (D:2)
  A giant cockroach (D:1)
  7 goblins
  4 hobgoblins (D:1)
  8 jackals
  4 kobolds
  7 bats
  7 giant newts
  5 rats
46 creatures vanquished.

Notes
Turn   | Place    | Note
--------------------------------------------------------------
     0 | D:1      | Kenran, the Minotaur Monk, began the quest for the Orb.
     0 | D:1      | Reached XP level 1. HP: 19/19 MP: 1/1
    96 | D:1      | Reached XP level 2. HP: 23/26 MP: 1/1
   197 | D:1      | Reached skill level 5 in Unarmed Combat
   342 | D:1      | Reached XP level 3. HP: 23/31 MP: 2/2
   813 | D:2      | Found a glowing golden altar of the Shining One.
   817 | D:2      | Found a deep blue altar of Sif Muna.
   849 | D:2      | Reached skill level 6 in Unarmed Combat
   890 | D:2      | Reached XP level 4. HP: 12/39 MP: 2/2
  1093 | D:2      | Slain by a green rat

Action                   |  1- 3 |  4- 6 || total
-------------------------+-------+-------++-------
Melee: Unarmed           |   102 |    11 ||   113
  Use: Scroll            |     4 |       ||     4
